 Dungeon Crawl Stone Soup version 0.21-a0-442-g848f44b (webtiles) character file.

85810 graki42 the Sorcerer (level 15, -30/76 HPs)
             Began as a Deep Elf Fire Elementalist on Nov 12, 2017.
             Was the Champion of Vehumet.
             Killed from afar by a war gargoyle (64 damage)
             ... with a spray of metal splinters
             ... on level 11 of the Dungeon on Nov 13, 2017.
             The game lasted 02:00:06 (25344 turns).

graki42 the Sorcerer (Deep Elf Fire Elementalist)  Turns: 25344, Time: 02:00:07

Health: -30/76     AC:  7    Str:  8    XL:     15   Next: 39%
Magic:  14/42      EV: 16    Int: 24    God:    Vehumet [******]
Gold:   2120       SH:  0    Dex: 15    Spells: 28/56 levels left

rFire    + + .     SeeInvis +   C - staff of conjuration
rCold    x . .     Gourm    .   (no shield)
rNeg     . . .     Faith    .   I - +2 robe {rF+}
rPois    .         Spirit   .   n - +2 hat {MR+}
rElec    .         Reflect  .   (no cloak)
rCorr    .         Harm     .   f - +0 pair of gloves
MR       ++...                  (no boots)
Stlth    +++.......             (no amulet)
HPRegen  0.22/turn              G - ring of see invisible
MPRegen  0.28/turn              q - ring of fire

@: about to teleport, studying Spellcasting
A: no striking features
a: Renounce Religion


You were on level 11 of the Dungeon.
You worshipped Vehumet.
Vehumet was exalted by your worship.
You were hungry.

You visited 4 branches of the dungeon, and saw 20 of its levels.
You also visited: Ossuary and Ice Cave.

You collected 2813 gold pieces.
You spent 693 gold pieces at shops.

Inventory:

Armour
 f - a +0 pair of gloves (worn)
 i - a +1 robe of positive energy
 n - a +2 hat of magic resistance (worn)
 o - a +0 robe of the Archmagi
 I - a +2 robe of fire resistance (worn)
Magical Staves
 C - an uncursed staff of conjuration (weapon)
Jewellery
 k - an uncursed ring of protection from cold
 p - an uncursed ring of resist corrosion
 q - a ring of fire (right hand)
 r - the ring "Sapsac" {*Tele +Blink rPois Int-5, unknown}
   (You took it off a centaur on level 11 of the Dungeon)

   [ring of teleportation]

   It may teleport you next to monsters.
   It affects your intelligence (-5).
   It protects you from poison.
   It lets you blink.
 G - a ring of see invisible (left hand)
 K - an uncursed ring of protection from cold
Wands
 b - a wand of acid (3/15)
 z - a wand of digging (14/24)
Scrolls
 a - 4 scrolls of identify
 e - a scroll of teleportation
 m - a scroll of silence {unknown}
 s - a scroll of enchant weapon
 A - a scroll of magic mapping
 H - 8 scrolls of remove curse
Potions
 d - a potion of might
 g - 3 potions of flight
 j - a potion of agility
 l - a potion of brilliance
 t - 4 potions of haste
 x - 2 potions of mutation
 B - 3 potions of curing
Books
 h - a manual of Spellcasting
Comestibles
 c - 17 bread rations
 u - a royal jelly
 w - 24 fruits


   Skills:
 + Level 2.3 Fighting
 + Level 6.4 Dodging
 + Level 6.1 Stealth
 + Level 21.0 Spellcasting
 + Level 15.1 Conjurations
 + Level 6.1 Hexes
 + Level 15.3 Fire Magic
 * Level 7.5 Earth Magic


You had 28 spell levels left.
You knew the following spells:

 Your Spells              Type           Power        Failure   Level  Hunger
a - Flame Tongue          Conj/Fire      #####        0%          1    None
b - Conjure Flame         Conj/Fire      ########     0%          3    None
c - Inner Flame           Hex/Fire       #######.     1%          3    None
d - Sticky Flame          Conj/Fire      ########     1%          4    None
e - Fireball              Conj/Fire      ########..   1%          5    None
f - Bolt of Magma         Conj/Fire/Erth ########..   1%          5    None
g - Iskenderun's Battles  Conj/Chrm      #######.     1%          5    None
i - Swiftness             Chrm/Air       ####....     2%          2    None


Dungeon Overview and Level Annotations

Branches:
Dungeon (11/15)            Temple (1/1) D:4            Lair (6/6) D:9
  Swamp (0/4) Lair:3        Snake (0/4) Lair:2        Slime (0/5) Lair:5
    Orc (2/2) D:10            Elf (0/3) Orc:2

Altars:
Ashenzari
Dithmenos
Elyvilon
Fedhas
Hepliaklqana
Kikubaaqudgha
Makhleb
Nemelex Xobeh
Okawaru
Qazlal
Ru
Sif Muna
Trog
Uskayaw
Vehumet
Wu Jian
Xom
Zin
The Shining One
Beogh
Jiyva

Shops:
Orc:2 [=!}%

Portals:
Trove: D:10 (give +3 fire dragon scales)


Message History

Things that are here:
an enchanted battleaxe; a plate armour; 2 chunks of flesh The tengu warrior shouts!
The war gargoyle launches metal splinters at you.
The spray of metal splinters hits you!
Ouch! That really hurt!
Casting: Fireball
Confirm with . or Enter, or press ? or * to list all spells.
Aiming: Conjure Flame
Press: ? - help, Dir - move target cursor You feel a strong surge of power!
The fire ignites!
Casting: Conjure Flame
Confirm with . or Enter, or press ? or * to list all spells.
Okay, then.
As you read the scroll of teleportation, it crumbles to dust.
You feel strangely unstable.
The war gargoyle launches metal splinters at you.
The spray of metal splinters hits you!
Ouch! That really hurt!
You die...

##### ##########.###.# .#
#:.#..#.# .# #.|##(#(## .#
###.#.#..# .# #.##'.#.[# .#
#.).).#))# ## # ##
####.###..######### .# #.#†#.
##.##.÷##......# .#
.)o##...####@#.#.)##.####.# ##
...)Q..%9.##9###.(...<..#.# .#
...##...##.#.# #..#..#..#.# .#
#.#.#.##§## #..#..#..#.#
####################..#.....#.#
†#.)...#.#.#.# #...#..#..##.#.#
(##.##.#.#.#.###...#..#... #.#
#.##.##..#.#.....#....#.#####.#
.#.##.##.#.#.#..##.#..#....##.#


You could see a war gargoyle.

Vanquished Creatures
  Saint Roka (Orc:2)
  Rupert (Lair:5)
  Gastronok (Lair:3)
  Kirke (Lair:4)
  A frost giant (IceCv)
  Nessos (Orc:2)
  Azrael (Orc:2)
  Harold (Lair:1)
  8 hydras
  4 catoblepae
  9 two-headed ogres
  A centaur warrior (D:11)
  4 death yaks (Lair:6)
  A deep troll shaman (Lair:6)
  5 orc high priests (Orc:2)
  Nergalle (D:10)
  3 unseen horrors
  8 orc knights (Orc:2)
  Pikel (D:8)
  A lindwurm (Lair:6)
  A deep elf mage (D:11)
  2 ugly things (D:11)
  2 cyclopes
  A manticore (D:11)
  9 elephants
  Joseph (D:8)
  3 black mambas (Lair:6)
  2 centaur skeletons
  8 spiny frogs
  A gargoyle (D:10)
  An ice statue (IceCv)
  A rime drake (Lair:5)
  2 komodo dragons
  A tengu conjurer (D:11)
  A guardian mummy (D:10)
  14 polar bears
  4 trolls
  A meliai zombie (D:9)
  9 blink frogs
  A shadow (D:11)
  4 hippogriffs
  A spriggan (D:8)
  Sigmund (D:3)
  69 yaks
  4 wyverns
  5 fire elementals
  A basilisk (Lair:6)
  4 hogs (Lair:4)
  A warg (Orc:1)
  A soldier ant (D:11)
  A naga (Lair:2)
  11 water moccasins
  7 porcupines
  3 hell hounds (Orc:2)
  3 ice beasts
  5 sky beasts
  40 orc warriors
  4 slaves (D:8)
  3 black bears
  10 ogres
  2 phantoms
  16 wolves
  10 centaurs
  15 crocodiles
  A big kobold (D:11)
  12 bullfrogs
  A water moccasin zombie (D:8)
  17 killer bees
  5 scorpions
  8 wights (D:6)
  2 howler monkeys
  3 centaur zombies
  6 crimson imps
  A quasit (D:11)
  6 bullfrog zombies
  2 hounds
  A bullfrog skeleton (D:5)
  31 orc priests
  3 jellies (D:10)
  2 iguanas
  18 orc wizards
  7 hell rats (Lair:1)
  8 worker ants
  2 big kobold zombies (Ossuary)
  A bullfrog simulacrum (D:11)
  2 hound zombies
  2 hound skeletons
  3 mummies
  A worker ant zombie (D:7)
  3 gnolls (D:4)
  14 adders
  2 howler monkey skeletons
  2 river rats (Lair:1)
  2 shadow imps
  2 adder zombies (D:5)
  5 adder skeletons
  A worm (D:2)
  2 dart slugs (D:2)
  5 leopard geckos
  78 orcs
  3 giant cockroaches
  6 goblins
  5 hobgoblins
  14 jackals
  6 quokkas
  4 ball pythons
  8 bats
  7 frilled lizards
  4 gnoll zombies (Ossuary)
  3 goblin zombies (Ossuary)
  5 hobgoblin zombies
  5 kobolds
  A leopard gecko skeleton (D:4)
  2 orc zombies
  A quokka zombie (D:5)
  14 rats
  2 bushes
  4 fungi
  7 plants
702 creatures vanquished.

Vanquished Creatures (others)
  A polar bear (Lair:4)
  4 bushes
  38 fungi
  16 plants
59 creatures vanquished.

Grand Total: 761 creatures vanquished

Notes
Turn   | Place    | Note
-------+----------+-------------------------------------------
     0 | D:1      | graki42 the Deep Elf Fire Elementalist began the quest for the Orb.
     0 | D:1      | Reached XP level 1. HP: 10/10 MP: 6/6
   180 | D:1      | Reached XP level 2. HP: 15/15 MP: 5/8
   774 | D:2      | Reached XP level 3. HP: 19/19 MP: 6/9
   792 | D:2      | Learned a level 3 spell: Conjure Flame
   796 | D:2      | Learned a level 3 spell: Inner Flame
   822 | D:2      | Found a white marble altar of Elyvilon.
   908 | D:2      | Found a hazy altar of Hepliaklqana.
  1105 | D:2      | Found a glowing silver altar of Zin.
  1389 | D:2      | Found a sacrificial altar of Ru.
  1716 | D:3      | Reached XP level 4. HP: 21/24 MP: 11/11
  1986 | D:3      | Reached skill level 1 in Fighting
  2044 | D:3      | Noticed Sigmund
  2088 | D:3      | Reached skill level 4 in Spellcasting
  2337 | D:2      | Learned a level 4 spell: Sticky Flame
  2459 | D:3      | HP: 1/25 [Sigmund/magic dart (6)]
  2466 | D:3      | Killed Sigmund
  2466 | D:3      | Reached skill level 5 in Fire Magic
  2466 | D:3      | Reached XP level 5. HP: 9/29 MP: 14/14
  2466 | D:3      | Reached XP level 6. HP: 11/34 MP: 15/15
  2755 | D:4      | Reached skill level 5 in Spellcasting
  2876 | D:4      | Reached skill level 1 in Hexes
  3195 | D:4      | Found a staircase to the Ecumenical Temple.
  3208 | Temple   | Entered the Ecumenical Temple
  3216 | Temple   | Became a worshipper of Vehumet
  3298 | D:4      | Found an ancient bone altar of Kikubaaqudgha.
  3299 | D:4      | Found a bloodstained altar of Trog.
  3346 | D:4      | Reached XP level 7. HP: 32/38 MP: 17/17
  3404 | D:4      | Learned a level 5 spell: Fireball
  3616 | D:5      | Entered Level 5 of the Dungeon
  3647 | D:5      | Reached skill level 6 in Spellcasting
  3966 | D:5      | Reached skill level 7 in Spellcasting
  3966 | D:5      | Reached XP level 8. HP: 38/43 MP: 19/20
  3980 | D:5      | You fall through a shaft for 3 floors!
  3994 | D:8      | Reached * piety under Vehumet
  3994 | D:8      | Offered knowledge of Sandblast by Vehumet.
  4214 | D:7      | Found a sand-covered staircase.
  4219 | Ossuary  | Entered an ossuary
  4399 | Ossuary  | Reached skill level 5 in Conjurations
  4470 | D:7      | Reached skill level 8 in Spellcasting
  4497 | D:7      | Offered knowledge of Sting by Vehumet.
  4647 | D:7      | Reached ** piety under Vehumet
  4806 | D:7      | Reached skill level 9 in Spellcasting
  4910 | D:7      | Reached XP level 9. HP: 33/48 MP: 17/24
  5382 | D:5      | Offered knowledge of Dazzling Spray by Vehumet.
  6040 | D:5      | Learned a level 3 spell: Dazzling Spray
  6292 | D:6      | Reached skill level 10 in Spellcasting
  6529 | D:6      | Reached *** piety under Vehumet
  6797 | D:8      | Learned a level 2 spell: Swiftness
  6999 | D:8      | Noticed Joseph
  7014 | D:8      | Killed Joseph
  7360 | D:8      | Noticed a two-headed ogre
  7377 | D:8      | Reached skill level 11 in Spellcasting
  7377 | D:8      | Reached XP level 10. HP: 52/53 MP: 20/27
  7381 | D:8      | Killed a two-headed ogre
  7629 | D:8      | Noticed Pikel
  7649 | D:8      | Killed Pikel
  7935 | D:9      | Noticed a two-headed ogre
  7949 | D:9      | Killed a two-headed ogre
  7949 | D:9      | Reached skill level 5 in Stealth
  7949 | D:9      | Reached skill level 12 in Spellcasting
  8065 | D:9      | Offered knowledge of Olgreb's Toxic Radiance by Vehumet.
  8090 | D:9      | Reached skill level 10 in Fire Magic
  8263 | D:9      | Found a staircase to the Lair.
  8816 | D:9      | Reached XP level 11. HP: 57/57 MP: 23/29
  8863 | Lair:1   | Entered Level 1 of the Lair of Beasts
  9022 | Lair:1   | Reached skill level 5 in Dodging
  9054 | Lair:1   | Reached **** piety under Vehumet
  9191 | Lair:1   | Noticed Harold
  9198 | Lair:1   | Killed Harold
  9198 | Lair:1   | Reached skill level 13 in Spellcasting
 10169 | Lair:2   | Offered knowledge of Iskenderun's Mystic Blast by Vehumet.
 10187 | Lair:2   | Found a staircase to the Snake Pit.
 10234 | Lair:2   | Reached skill level 10 in Conjurations
 10560 | Lair:2   | You fall through a shaft for 2 floors!
 10623 | Lair:3   | Found a frozen archway.
 10632 | IceCv    | Entered an ice cave
 10738 | IceCv    | Reached skill level 14 in Spellcasting
 11485 | IceCv    | Reached XP level 12. HP: 62/62 MP: 12/32
 11604 | IceCv    | Noticed a frost giant
 11611 | IceCv    | Killed a frost giant
 11766 | IceCv    | Got a twisted great mace
 11768 | IceCv    | Got a shimmering great mace
 11779 | IceCv    | Identified the +4 great mace "Selewit" {freeze, Dex+3} (You found it in an ice cave)
 11781 | IceCv    | Identified the +0 great mace of the Penguin {vamp, rC+ Int+3 Stlth-} (You found it in an ice cave)
 12297 | Lair:3   | Noticed Gastronok
 12374 | Lair:3   | Killed Gastronok
 12374 | Lair:3   | Reached skill level 15 in Spellcasting
 12643 | Lair:3   | Noticed a four-headed hydra
 12648 | Lair:3   | Reached ***** piety under Vehumet
 12649 | Lair:3   | Killed a four-headed hydra
 12649 | Lair:3   | Offered knowledge of Bolt of Draining by Vehumet.
 12733 | Lair:3   | Found a staircase to the Swamp.
 13125 | Lair:3   | Reached skill level 5 in Hexes
 13203 | Lair:4   | Noticed a seven-headed hydra
 13204 | Lair:4   | Killed a seven-headed hydra
 13464 | Lair:4   | Noticed Kirke
 13479 | Lair:4   | Noticed a catoblepas
 13642 | Lair:4   | Noticed an eight-headed hydra
 13910 | D:10     | Entered Level 10 of the Dungeon
 13946 | D:10     | Noticed a two-headed ogre
 13950 | D:10     | Killed a two-headed ogre
 13950 | D:10     | Reached skill level 16 in Spellcasting
 14085 | D:10     | Noticed a two-headed ogre
 14086 | D:10     | Killed a two-headed ogre
 14086 | D:10     | Reached XP level 13. HP: 67/67 MP: 16/35
 14480 | D:10     | Found a shimmering altar of Xom.
 14482 | D:10     | Found a shimmering altar of Xom.
 14609 | D:10     | Found a staircase to the Orcish Mines.
 14838 | D:10     | Found a portal to a secret trove of treasure.
 15114 | Orc:1    | Entered Level 1 of the Orcish Mines
 15114 | Orc:1    | Noticed Nergalle
 15126 | D:10     | Killed Nergalle
 15796 | Lair:5   | Noticed Rupert
 15803 | Lair:6   | Entered Level 6 of the Lair of Beasts
 16738 | Lair:6   | Reached skill level 17 in Spellcasting
 16864 | Lair:6   | Learned a level 5 spell: Bolt of Magma
 17051 | Lair:6   | Reached skill level 1 in Earth Magic
 17437 | Lair:6   | Reached skill level 18 in Spellcasting
 17574 | Lair:6   | Reached XP level 14. HP: 58/72 MP: 25/38
 17739 | Lair:6   | Offered knowledge of Iskenderun's Battlesphere by Vehumet.
 17838 | Lair:6   | Learned a level 5 spell: Iskenderun's Battlesphere
 18241 | Lair:5   | Paralysed by Rupert for 2 turns
 18244 | Lair:5   | Killed Rupert
 18764 | Lair:5   | Found a staircase to the Slime Pits.
 18764 | Lair:5   | Found a viscous altar of Jiyva.
 19348 | Lair:4   | Reached skill level 19 in Spellcasting
 19803 | Lair:4   | Killed Kirke
 20074 | Orc:1    | Reached skill level 5 in Earth Magic
 20229 | Orc:1    | Found a roughly hewn altar of Beogh.
 20679 | Orc:2    | Entered Level 2 of the Orcish Mines
 20685 | Orc:2    | Noticed Nessos
 20688 | Orc:2    | Noticed Azrael
 21556 | Orc:2    | Killed Nessos
 22016 | Orc:2    | Killed Azrael
 22023 | Orc:2    | Offered knowledge of Bolt of Cold by Vehumet.
 22469 | Orc:2    | Found a staircase to the Elven Halls.
 22471 | Orc:2    | Found Exynozosch's Food Boutique.
 23145 | Orc:2    | Noticed Saint Roka
 23607 | Orc:2    | Reached skill level 20 in Spellcasting
 23850 | Orc:2    | Reached XP level 15. HP: 76/76 MP: 35/41
 23888 | Orc:2    | Killed Saint Roka
 23888 | Orc:2    | Reached skill level 15 in Fire Magic
 24112 | Orc:2    | Found Celeuw's Antique Armour Emporium.
 24115 | Orc:2    | Found Vaycs's Distillery.
 24116 | Orc:2    | Found Diptoep's Gadget Emporium.
 24117 | Orc:2    | Found Lisse's Jewellery Shoppe.
 24124 | Orc:2    | Bought a glowing robe for 70 gold pieces
 24124 | Orc:2    | Bought a glowing hat for 133 gold pieces
 24124 | Orc:2    | Bought an embroidered robe for 70 gold pieces
 24179 | Orc:2    | Bought a potion of haste for 140 gold pieces
 24179 | Orc:2    | Bought a potion of haste for 140 gold pieces
 24179 | Orc:2    | Bought a potion of haste for 140 gold pieces
 24966 | D:11     | Reached skill level 15 in Conjurations
 25009 | D:11     | Reached ****** piety under Vehumet
 25116 | D:11     | Got a scintillating golden ring
 25129 | D:11     | Found a runed door.
 25239 | D:11     | Offered knowledge of Irradiate by Vehumet.
 25327 | D:11     | Reached skill level 21 in Spellcasting
 25344 | D:11     | Killed from afar by a war gargoyle

Vault maps used:
D:1:      enne_arrival_octagon_isle
D:2:      lemuel_doored_altar, nicolae_overflow_crystal_walls, elyvilon_altar_3,
          nicolae_ru_path_of_blood, first_bread
D:3:      uniq_sigmund
D:4:      gammafunk_temple_overflow_pools, minmay_temple_entry_butterflies
D:5:      kb_forest_paths
D:7:      enter_ossuary_2, minmay_mini_ossuary
D:8:      nicolae_benzene_ring, the_bakery, uniq_pikel, uniq_joseph
D:9:      dpeg_oklobed_lair, kennysheep_generic_room_2
D:10:     orc_0_dummy, nicolae_trove_entry_path_of_doom, xom_redecorated
D:11:     minmay_the_grid_square_5x5_4x4, serial_shops,
          nicolae_shop_behind_doors, st_stairs_2, lemuel_tele_altar
Temple:   nicolae_temple_x_marks_the_god
Lair:1:   minmay_holes, kennysheep_abandoned_house, uniq_harold
Lair:2:   minmay_snake_entry_guardpost_small, lemuel_fruit_tree
Lair:3:   minmay_swamp_entry_worms, portal_ice_cave_entry_pillars_2,
          st_stairs_8, infiniplex_staircase_pool_2, uniq_gastronok
Lair:4:   beast_lair_carwin_5, uniq_kirke
Lair:5:   slime_altar_1, uniq_rupert
Lair:6:   grunt_lair_end_beastmaster
Orc:1:    mines2_david, uniq_nergalle
Orc:2:    st_orc_pillars, serial_shops, shop, nicolae_orc_tapped_out,
          uniq_azrael, uniq_nessos, uniq_saint_roka
Ossuary:  minmay_ossuary_gauntlet
IceCv:    ice_cave_small_giant

Skill      XL: |  1  2  3  4  5  6  7  8  9 10 11 12 13 14 15 |
---------------+----------------------------------------------+-----
Fire Magic     | 4 5 6 7 9 10 11 13 14 15 | 15.3
Fighting       | 1 2 |  2.3
Spellcasting   | 4 5 7 9 11 12 14 16 18 20 21 | 21.0
Conjurations   | 2 3 4 5 7 9 11 12 13 14 15 | 15.1
Dodging        | 3 4 5 6 |  6.4
Stealth        | 3 4 5 6 |  6.1
Hexes          | 1 3 5 6 |  6.1
Earth Magic    | 2 6 7 |  7.5

Action                   |  1- 3 |  4- 6 |  7- 9 | 10-12 | 13-15 || total
-------------------------+-------+-------+-------+-------+-------++-------
Melee: Unarmed           |     1 |       |       |       |       ||     1
       Dagger            |     2 |     1 |     2 |       |       ||     5
       Staff             |       |       |     6 |     2 |       ||     8
 Cast: Flame Tongue      |    70 |    85 |   228 |   145 |    94 ||   622
       Conjure Flame     |     3 |     5 |    19 |    14 |     7 ||    48
       Inner Flame       |       |     4 |     4 |    10 |     7 ||    25
       Sticky Flame      |       |       |    19 |    35 |    29 ||    83
       Fireball          |       |       |     3 |   100 |   248 ||   351
       Dazzling Spray    |       |       |    15 |    15 |     4 ||    34
       Bolt of Magma     |       |       |       |       |   119 ||   119
       Iskenderun's Batt |       |       |       |       |     7 ||     7
Evoke: Wand              |       |       |       |       |     1 ||     1
  Use: Potion            |       |     2 |       |     8 |     5 ||    15
       Scroll            |       |       |     4 |    22 |    16 ||    42
 Stab: Sleeping          |       |     1 |     3 |       |       ||     4
  Eat: Chunk             |     2 |     6 |    13 |    22 |    20 ||    63
       Royal jelly       |       |       |       |     1 |       ||     1
       Meat ration       |       |       |       |     1 |     2 ||     3
       Bread ration      |       |       |       |       |     1 ||     1
Armor: Robe              |     2 |     5 |    18 |     9 |    19 ||    53
Dodge: Dodged            |    12 |    20 |    57 |    63 |    92 ||   244

Table legend:
 A = Spawn XP
 B = Non-spawn XP
 C = Spawn XP percentage of total XP
 D = Spawn monster count
 E = Non-spawn monster count
 F = Spawn count percentage of total count
 G = Total turns spent on level
                    A         B        C        D         E        F      G
               +---------+---------+-------+---------+---------+-------+---------
         Total |       0 |  122586 |   0.0 |       0 |     686 |   0.0 | 25344
               +---------+---------+-------+---------+---------+-------+---------
           D:1 |       0 |      37 |   0.0 |       0 |      23 |   0.0 |   745
           D:2 |       0 |      40 |   0.0 |       0 |      13 |   0.0 |  1143
           D:3 |       0 |     327 |   0.0 |       0 |      23 |   0.0 |   862
           D:4 |       0 |     371 |   0.0 |       0 |      23 |   0.0 |   851
           D:5 |       0 |     998 |   0.0 |       0 |      28 |   0.0 |  1162
           D:6 |       0 |    1107 |   0.0 |       0 |      26 |   0.0 |   714
           D:7 |       0 |     990 |   0.0 |       0 |      23 |   0.0 |   872
           D:8 |       0 |    3069 |   0.0 |       0 |      20 |   0.0 |  1213
           D:9 |       0 |    3849 |   0.0 |       0 |      29 |   0.0 |  1167
          D:10 |       0 |    6372 |   0.0 |       0 |      45 |   0.0 |  2030
          D:11 |       0 |   12260 |   0.0 |       0 |      48 |   0.0 |   919
        Lair:1 |       0 |    3048 |   0.0 |       0 |      26 |   0.0 |  1501
        Lair:2 |       0 |    1145 |   0.0 |       0 |       6 |   0.0 |   628
        Lair:3 |       0 |    7790 |   0.0 |       0 |      24 |   0.0 |  1393
        Lair:4 |       0 |   12122 |   0.0 |       0 |      35 |   0.0 |  1080
        Lair:5 |       0 |   10053 |   0.0 |       0 |      28 |   0.0 |   988
        Lair:6 |       0 |   22566 |   0.0 |       0 |      61 |   0.0 |  2287
         Orc:1 |       0 |    2914 |   0.0 |       0 |      36 |   0.0 |  2018
         Orc:2 |       0 |   23988 |   0.0 |       0 |     117 |   0.0 |  2070
       Ossuary |       0 |     203 |   0.0 |       0 |      16 |   0.0 |   237
         IceCv |       0 |    9337 |   0.0 |       0 |      36 |   0.0 |  1447
               +---------+---------+-------+---------+---------+-------+---------
